Map: Overgrowth LE (Void)

Players

Dark - Winner!

  • Race: Zerg Zerg
  • Spawn Location: 1:00

ByuN

  • Race: Terran Terran
  • Spawn Location: 7:00

Event: IEM Season 11 - Gyeonggi

VOD

Have the link to the VOD?

Description

Time

  • Played on: Dec. 14, 2016, 11:47 p.m.
  • Length: 14:34

All games in this series

Show
View Real Time Build Order
Export as new Build Order

Dark Zerg - Winner!

Build Orders: Pool First 

Get SALT Encoding   

  12  0:00  Drone  
  13  0:12  Overlord  
  13  0:16  Drone  
  14  0:30  Drone x2  
  14  0:34  Drone  
  17  0:44  Extractor  
  17  0:46  Drone  
  17  0:50  Spawning Pool  
  17  0:56  Drone  
  17  1:07  Drone  
  18  1:16  Hatchery  
  17  1:21  Drone  
  18  1:29  Drone  
  19  1:41  Zergling x2  
  19  1:42  Roach Warren  
  19  1:48  Drone  
  19  1:52  Queen  
  22  1:59  Overlord  
  22  2:23  Roach  
  22  2:24  Roach  
  22  2:28  Queen  
  28  2:32  Roach x2  
  32  2:39  Roach  
  32  2:44  Overlord  
  34  2:45  Ravager  
  34  2:50  Ravager  
  35  3:07  Drone x6  
  41  3:16  Overlord  
  41  3:17  Drone  
  42  3:21  Ravager  
  42  3:22  Drone  
  44  3:32  Overlord  
  44  3:35  Drone x2  
  46  3:44  Drone  
  46  3:45  Drone x3  
  50  3:53  Drone  
  51  3:57  Drone  
  52  4:11  Drone  
  52  4:12  Drone  
  52  4:16  Drone x2  
  51  4:24  Drone  
  51  4:25  Drone  
  51  4:26  Overlord  
  51  4:28  Lair, Hatchery  
  51  4:31  Queen, Extractor x2  
  51  4:35  Overlord  
  52  4:38  Extractor  
  52  4:44  Drone x2  
  54  4:45  Drone x2  
  55  4:53  Roach x2  
  55  4:57  Ravager  
  55  4:59  Drone x2  
  62  5:02  Drone  
  62  5:03  Overlord  
  62  5:05  Overlord  
  62  5:06  Roach x2  
  67  5:17  Overlord  
  67  5:20  Queen  
  69  5:21  Overlord  
  69  5:22  Roach x2  
  69  5:26  Roach x2  
  77  5:33  Roach  
  77  5:34  Roach  
  76  5:44  Ravager  
  76  5:49  Drone x6  
  78  5:50  Drone  
  78  5:52  Drone x2  
  78  5:56  Glial Reconstitution  
  81  6:03  Roach x2  
  85  6:05  Ravager  
  85  6:06  Drone x2  
  85  6:07  Drone, Evolution Chamber  
  85  6:09  Evolution Chamber  
  87  6:13  Drone x2  
  87  6:14  Drone  
  90  6:19  Spore Crawler  
  90  6:21  Roach  
  90  6:22  Overlord  
  91  6:26  Drone, Roach x3  
  91  6:30  Overlord  
  91  6:32  Overseer  
  98  6:33  Overlord  
  98  6:35  Zerg Ground Armor Level 1, Zerg Missile Weapons Level 1  
  98  6:40  Overlord  
  98  6:41  Drone x3  
  98  6:42  Drone  
  98  6:46  Drone  
  98  6:47  Drone  
  104  6:53  Overlord x2  
  105  6:54  Drone x5  
  109  7:02  Hatchery  
  109  7:03  Drone x2  
  109  7:04  Extractor  
  109  7:05  Extractor  
  108  7:15  Roach x5  
  122  7:22  Roach  
  122  7:23  Roach x5  
  122  7:27  Overlord  
  130  7:34  Roach x4  
  138  7:37  Overlord x2  
  138  7:42  Overlord  
  138  7:44  Overlord  
  138  7:47  Overlord  
  138  7:49  Roach  
  140  7:53  Roach x3  
  146  8:01  Roach x3  
  146  8:02  Roach x3  
  158  8:09  Roach x4  
  166  8:17  Ravager  
  166  8:18  Ravager x2  
  169  8:21  Roach x2  
  169  8:22  Roach x2  
  169  8:26  Roach x2  
  169  8:27  Roach x3  
  183  8:29  Overseer  
  183  8:30  Ravager x2  
  183  8:31  Ravager x4  
  183  8:33  Ravager  
  190  8:36  Roach  
  192  8:41  Overlord  
  192  8:53  Overlord  
  192  9:01  Zerg Ground Armor Level 2, Zerg Missile Weapons Level 2  
  192  9:02  Infestation Pit  
  192  9:03  Drone x3  
  192  9:04  Extractor  
  192  9:05  Roach x2  
  192  9:06  Roach  
  187  9:30  Roach x5  
  187  9:31  Roach  
  147  9:32  Roach x3  
  147  9:33  Roach x8  
  147  9:37  Roach  
  147  9:38  Roach  
  152  9:42  Roach x3  
  152  9:44  Roach x2  
  152  9:45  Roach  
  162  9:46  Drone  
  162  9:52  Roach x2  
  153  9:55  Roach x2  
  153  9:58  Roach  
  151  10:04  Drone x3  
  151  10:06  Queen x3  
  158  10:13  Burrow  
  158  10:15  Ravager  
  158  10:17  Ravager  
  160  10:21  Infestor  
  160  10:23  Drone x4  
  160  10:26  Infestor  
  168  10:35  Infestor, Ravager  
  171  10:36  Hatchery  
  171  10:42  Drone x2, Spine Crawler  
  171  10:43  Drone x2, Extractor  
  171  10:48  Drone x2  
  171  10:49  Hydralisk Den  
  173  10:51  Tunneling Claws  
  173  10:58  Roach x5  
  173  11:01  Ravager  
  184  11:17  Overlord  
  184  11:23  Hive  
  184  11:24  Queen  
  186  11:28  Muscular Augments  
  186  11:29  Hydralisk x4  
  186  11:30  Spine Crawler  
  193  11:34  Hydralisk x3  
  199  11:56  Ravager  
  200  12:05  Roach x7  
  192  12:49  Roach x2  
  192  12:50  Roach  
  192  12:51  Roach x2  
  188  12:52  Roach x4  
  188  12:53  Viper x3  
  195  13:06  Drone x5  
  195  13:08  Drone x2  
  195  13:19  Extractor  
  188  13:23  Drone x2  
  188  13:24  Drone  
  188  13:25  Extractor  
  188  13:26  Spore Crawler  
  188  13:27  Drone x2, Hydralisk x3, Spine Crawler, Extractor  
  188  13:28  Hydralisk x3, Roach x4, Spine Crawler  
  198  13:37  Roach  
  198  13:42  Overlord x2  
  198  14:01  Hydralisk x2  
  200  14:27  Extractor  
Show
View Real Time Build Order
Export as new Build Order

ByuN Terran 

Build Orders: Reaper Expand, Bio Tank 

Get SALT Encoding   

  12  0:00  SCV  
  13  0:12  SCV  
  14  0:17  Supply Depot  
  14  0:24  SCV  
  15  0:38  SCV  
  15  0:40  Barracks  
  16  0:42  Refinery  
  16  0:50  SCV  
  17  1:02  SCV  
  18  1:15  SCV  
  19  1:27  Orbital Command, Reaper  
  20  1:37  Command Center  
  20  1:47  Barracks  
  20  1:52  SCV  
  21  1:59  Barracks Reactor  
  21  2:02  Supply Depot  
  21  2:04  SCV  
  22  2:10  Refinery  
  22  2:16  SCV  
  22  2:21  Factory  
  23  2:28  SCV  
  24  2:35  Marine  
  24  2:37  Barracks Tech Lab, Marine  
  25  2:41  SCV  
  27  2:49  Orbital Command  
  27  2:53  Marine, SCV  
  27  2:55  Marine  
  27  2:57  Marine  
  31  3:01  Stimpack  
  31  3:10  Starport  
  31  3:14  Marine  
  31  3:16  Marine  
  31  3:19  Marine  
  34  3:21  Factory Reactor  
  34  3:24  SCV  
  34  3:25  SCV  
  36  3:27  Factory Tech Lab  
  36  3:33  Marine  
  36  3:34  Marine  
  36  3:37  Marine  
  36  3:38  Supply Depot  
  38  3:45  Siege Tank  
  40  3:51  Marine  
  40  3:55  Marine  
  43  4:02  Supply Depot  
  42  4:05  Supply Depot  
  42  4:07  Marine  
  40  4:13  Marine  
  40  4:16  SCV x2  
  41  4:24  Marine  
  41  4:27  Siege Tank  
  41  4:29  Medivac  
  41  4:30  Marine  
  47  4:33  SCV  
  47  4:35  SCV  
  49  4:42  Supply Depot  
  49  4:45  SCV  
  51  4:48  Marine  
  51  4:52  Barracks Reactor  
  51  4:57  Refinery, SCV x2  
  53  5:02  Viking  
  53  5:05  Supply Depot  
  55  5:09  SCV  
  55  5:10  Marine, SCV  
  58  5:18  Combat Shields  
  58  5:21  SCV  
  58  5:22  SCV  
  60  5:33  Marine x2  
  60  5:34  Marine  
  60  5:39  Siege Tank  
  60  5:43  SCV  
  60  5:48  SCV  
  58  5:51  Marine x3  
  58  5:55  SCV  
  61  5:58  Command Center  
  61  6:00  SCV  
  62  6:06  Engineering Bay x2  
  62  6:07  SCV, Starport Reactor  
  62  6:09  Marine x2  
  65  6:12  SCV  
  65  6:14  Marine  
  65  6:15  Supply Depot  
  67  6:20  SCV  
  67  6:23  Siege Tank  
  67  6:24  SCV  
  73  6:38  Terran Infantry Armor Level 1, Terran Infantry Weapons Level 1  
  73  6:40  SCV x2  
  73  6:43  Barracks  
  73  6:44  Barracks  
  74  6:49  Marine, Unknown  
  74  6:50  Marine x2, Barracks  
  74  6:53  Medivac  
  79  6:56  Medivac  
  79  6:57  SCV x2  
  79  6:59  Refinery  
  79  7:00  Supply Depot  
  83  7:04  Supply Depot  
  83  7:09  SCV  
  83  7:11  Marine x3  
  83  7:12  Siege Tank  
  83  7:14  SCV x2  
  92  7:29  Supply Depot  
  92  7:30  Marine  
  92  7:31  Marine, Barracks Reactor  
  92  7:35  SCV  
  95  7:38  Orbital Command  
  95  7:43  Armory  
  95  7:44  Siege Tank  
  95  7:48  Marine  
  95  7:49  Barracks Reactor x2  
  98  7:53  Marine x2  
  100  8:06  Marine, Missile Turret  
  100  8:08  Medivac  
  100  8:10  Medivac  
  100  8:12  SCV x2  
  107  8:13  Orbital Command  
  107  8:14  Supply Depot  
  107  8:15  Supply Depot  
  107  8:23  Marine x4  
  107  8:24  Marine, SCV x2  
  111  8:31  Marine x2, Supply Depot  
  111  8:32  Marine x2  
  111  8:33  Siege Tank  
  118  8:36  SCV x2, Terran Infantry Weapons Level 2  
  118  8:39  SCV  
  118  8:41  Marine  
  122  8:53  SCV x3  
  124  8:57  Marine x8  
  130  9:05  Siege Tank  
  130  9:09  Refinery  
  133  9:10  Marine  
  133  9:12  Sensor Tower  
  133  9:14  Marine  
  133  9:15  Marine x5  
  138  9:18  Marine  
  138  9:20  Marine  
  131  9:28  Marine  
  104  9:32  Marine x3  
  104  9:33  Marine x2  
  104  9:35  Marine  
  104  9:36  Marine  
  104  9:37  Marine, Siege Tank  
  93  9:46  Marine  
  93  9:50  Marine x3  
  93  9:52  Marine  
  84  9:56  Marine x2  
  84  9:57  Marine  
  84  9:59  Marine  
  83  10:04  Marine  
  83  10:05  Orbital Command  
  84  10:08  Marine x3  
  84  10:10  Marine  
  88  10:18  Terran Infantry Armor Level 2  
  88  10:25  Marine x3  
  88  10:28  Marine x2  
  93  10:30  Marine x2  
  93  10:31  Marine  
  93  10:33  Marine  
  97  10:41  Siege Tank  
  100  10:42  Marine  
  100  10:45  Orbital Command  
  100  10:46  Marine x3, Missile Turret  
  100  10:47  Marine  
  105  10:51  SCV x2  
  105  10:53  Terran Vehicle Weapons Level 1  
  105  10:55  Marine x3  
  110  10:57  Marine  
  110  11:00  Marine  
  110  11:03  Marine  
  113  11:09  Marine x3  
  116  11:13  Marine x2, Factory, Siege Tank  
  121  11:20  SCV x3  
  124  11:27  Marine  
  124  11:28  Marine x6  
  124  11:31  Marine  
  132  11:36  Medivac x2  
  136  11:43  Supply Depot  
  136  11:45  Supply Depot  
  136  11:46  Marine x3  
  138  11:50  Marine x6  
  125  11:57  Factory Tech Lab, Liberator  
  125  11:58  Siege Tank  
  125  12:00  Liberator  
  128  12:04  Marine  
  129  12:09  Marine  
  129  12:10  Marine x5  
  129  12:12  Marine x2  
  140  12:21  Marine  
  144  12:27  Marine  
  144  12:28  Siege Tank  
  142  12:34  SCV x2  
  143  12:43  Marine  
  142  12:46  Marine x2  
  126  12:54  Marine  
  126  12:55  Marine  
  126  13:05  Siege Tank  
  129  13:08  Marine  
  129  13:12  Marine  
  125  13:14  Marine  
  118  13:22  Missile Turret  
  117  13:38  Siege Tank  
  117  13:40  Siege Tank  
  123  13:43  Marine  
  124  13:55  Marine  
  119  13:56  Marine  
  119  14:00  Marine  
  111  14:07  Marine  

Tags
 
Add a new tag
Caveats
  • Supply blocks, unpowered buildings, or Contaminate may cause inaccurate times.
  • Supply counts are checked every 10 seconds.